 Dungeon Crawl Stone Soup version 0.26-a0-812-g31a745ddcd (webtiles) character file.

Game seed: 2225307856102213614

214 Lanoc the Changer (level 5, -4/26 HPs)
             Began as a Spriggan Transmuter on Nov 14, 2020.
             Was a Plaything of Xom.
             Slain by an orc
             ... wielding a +0 trident
              (8 damage)
             ... on level 3 of the Dungeon.
             The game lasted 00:03:36 (3585 turns).

Lanoc the Changer (Spriggan Transmuter)             Turns: 3585, Time: 00:03:36

Health: -4/26      AC:  3    Str:  6    XL:     5   Next: 59%
Magic:  8/10       EV: 20    Int: 16    God:    Xom [..*...]
Gold:   157        SH:  0    Dex: 16    Spells: 6/9 levels left

rFire    . . .     SeeInvis +   l - +2 quarterstaff (chaos)
rCold    . . .     Faith    .   (shield currently unavailable)
rNeg     + . .     Spirit   .   a - +0 robe
rPois    .         Reflect  .   (helmet currently unavailable)
rElec    .         Harm     .   k - +0 cloak
rCorr    +         Rampage  .   (gloves unavailable)
MR       .....                  (boots unavailable)
Stlth    +.........             (no amulet)
HPRegen  0.08/turn              f - ring of positive energy
MPRegen  0.12/turn              n - ring of resist corrosion

@: appendages, wereblooded, very quick
A: very small, unfitting armour, horns 2, talons 2, see invisible, speed 3
a: End Transformation, Renounce Religion


You were on level 3 of the Dungeon.
You worshipped Xom.
You were a toy of Xom.
You had grown temporary horns.
You had grown temporary talons.
You visited 1 branch of the dungeon, and saw 3 of its levels.

You collected 157 gold pieces.

Inventory:

Hand Weapons
 l - a +2 quarterstaff of chaos (weapon)
Armour
 a - a +0 robe (worn)
 k - a +0 cloak (worn)
Jewellery
 f - a ring of positive energy (left hand)
 n - a ring of resist corrosion (right hand)
Scrolls
 b - 2 scrolls of blinking {unknown}
 d - a scroll of teleportation {unknown}
 e - 3 scrolls of enchant armour {unknown}
 h - 2 scrolls of magic mapping {unknown}
 i - 3 scrolls of remove curse {unknown}
 o - a scroll of identify {unknown}
Potions
 c - a potion of lignification {unknown}
 g - a potion of mutation {unknown}
 j - 2 potions of flight {unknown}
 m - a potion of might {unknown}


   Skills:
 + Level 2.1 Fighting
 + Level 4.6 Dodging
 - Level 3.1 Unarmed Combat
 - Level 2.6 Spellcasting
 * Level 5.3 Transmutations


You had 6 spell levels left.
You knew the following spells:

 Your Spells              Type           Power        Failure   Level
a - Beastly Appendage     Tmut           ###...       2%          1
b - Wereblood             Tmut           ###.....     3%          2

Your spell library contained the following spells:

 Spells                   Type           Power        Failure   Level
 Spider Form              Tmut/Pois      ##........   19%         3
 Blade Hands              Tmut           ###.......   52%         5
 Ice Form                 Ice/Tmut       ##......     54%         4


Dungeon Overview and Level Annotations

Branches:
Dungeon (3/15)

Altars:
Kikubaaqudgha
Makhleb
Sif Muna
Xom


Innate Abilities, Weirdness & Mutations

You are very small and have problems with some larger weapons.
You are too small for most types of armour.
You have supernaturally acute eyesight. (SInv)
You cover ground extremely quickly.
You have a pair of horns on your head.
You have razor-sharp toenails.


Message History

The orc wizard hits you with a +0 dagger.
You sock the orc wizard!
You kill the orc wizard!
You howl as the wereblood boils in your veins!
The orc closely misses you. x2
You completely miss the orc. The orc barely misses you. x2
The orc hits you from afar with a +0 trident!
You sock the orc!
You kill the orc!
The orc barely misses you.
You closely miss the giant cockroach. You headbutt the giant cockroach.
You kill the giant cockroach!
The orc hits you from afar with a +0 trident!
You are too injured to fight recklessly!
You hit the orc.
The orc is heavily wounded.
The orc hits you with a +0 flail.
* * * LOW HITPOINT WARNING * * *
The orc hits you from afar with a +0 trident!
You die...

#.###### ###
### #.# ... ...
#.# .... .. #.#
## .......
#.####....
.....#.
#)>.......
.......
##.###...
......o######.#
......oo@§.☼..#
.############.#
#.# #.# #.# #.#
#.# <#


You could see 3 orcs.

Vanquished Creatures
  An orc wizard (D:3)
  Crazy Yiuf (D:2)
  Natasha (thrice) (D:2)
  An adder (D:2)
  An ooze (D:1)
  4 worms (D:2)
  A leopard gecko (D:2)
  An orc (D:3)
  2 ball pythons (D:1)
  3 bats
  3 giant cockroaches
  6 goblins
  9 hobgoblins
  3 jackals (D:3)
  A quokka (D:2)
  3 frilled lizards
  8 kobolds
  7 rats
58 creatures vanquished.

Vanquished Creatures (others)
  2 fungi (D:2)
2 creatures vanquished.

Grand Total: 60 creatures vanquished

Notes
Turn   | Place    | Note
-------+----------+-------------------------------------------
     0 | D:1      | Lanoc the Spriggan Transmuter began the quest for the Orb.
     0 | D:1      | Reached XP level 1. HP: 9/9 MP: 5/5
   300 | D:1      | Reached skill level 1 in Fighting
   327 | D:1      | Reached skill level 3 in Transmutations
   327 | D:1      | Reached XP level 2. HP: 14/14 MP: 4/6
   605 | D:1      | Learned a level 2 spell: Wereblood
  1538 | D:2      | Reached XP level 3. HP: 16/18 MP: 8/8
  1911 | D:2      | Found a shimmering blue altar of Sif Muna.
  1914 | D:2      | Found a burning altar of Makhleb.
  1916 | D:2      | Found an ancient bone altar of Kikubaaqudgha.
  1916 | D:2      | Noticed Natasha
  1928 | D:2      | Killed Natasha
  1928 | D:2      | Reached skill level 4 in Transmutations
  1928 | D:2      | Reached XP level 4. HP: 3/22 MP: 6/9
  2314 | D:2      | Noticed Natasha
  2330 | D:2      | Killed Natasha
  2840 | D:2      | Found a shimmering altar of Xom.
  2855 | D:2      | Became a worshipper of Xom the Elder Chaos God
  3034 | D:2      | Noticed Natasha
  3038 | D:2      | XOM: silly message
  3044 | D:2      | XOM: divination: detect creatures
  3045 | D:2      | Killed Natasha
  3045 | D:2      | Reached XP level 5. HP: 12/26 MP: 6/10
  3096 | D:2      | XOM: silly message
  3254 | D:2      | Found a runed translucent door.
  3255 | D:2      | Noticed Crazy Yiuf
  3267 | D:2      | Killed Crazy Yiuf
  3267 | D:2      | Reached skill level 5 in Transmutations
  3579 | D:3      | XOM: smoke on damage
  3585 | D:3      | Slain by an orc

Illustrated notes

Levels and vault maps discovered:
D:1:      dpeg_arrival_water_fire, layout_loops_corners
D:2:      minmay_general_purpose_star, layout_basic, grunt_temple_overflow_open,
          old_standard_altar, uniq_natasha, uniq_crazy_yiuf_cottage
D:3:      layout_loops_cross, lemuel_doored_altar

Skill      XL: |  1  2  3  4  5 |
---------------+----------------+-----
Fighting       | 1 2 |  2.1
Transmutations | 3 4 5 |  5.3
Dodging        | 4 |  4.6
Unarmed Combat | 3 |  3.1
Spellcasting   | |  2.6

Action                   |  1- 3 |  4- 6 || total
-------------------------+-------+-------++-------
Melee: Unarmed           |   115 |    82 ||   197
       Headbutt          |    19 |     9 ||    28
       Kick              |    16 |    21 ||    37
       Quarterstaff      |       |    18 ||    18
 Cast: Beastly Appendage |    18 |    15 ||    33
       Wereblood         |     3 |     6 ||     9
 Stab: Sleeping          |     1 |       ||     1
Armor: Robe              |     5 |     3 ||     8
Dodge: Dodged            |   119 |    65 ||   184

Table legend: (Time is in decaauts)
 A = Elapsed time spent in this place.
 B = Non-inter-level travel time spent in this place.
 C = Inter-level travel time spent in this place.
 D = Time resting spent in this place.
 E = Time spent auto-exploring this place.
 F = Levels seen in this place.
 G = Mean time per level.
                   A        B        C        D        E       F      G
               +--------+--------+--------+--------+--------+-----+--------+
         Total |   2970 |   2878 |     92 |    240 |   2251 |   3 |  990.0 |
       Dungeon |   2970 |   2878 |     92 |    240 |   2251 |   3 |  990.0 |
               +--------+--------+--------+--------+--------+-----+--------+

Top non-repeatable levels by time:
     D:2: 1424 daAuts
     D:1: 1410 daAuts
     D:3: 135 daAuts
